[Event "January 9 Late 2024"]
[Site "https://www.chess.com"]
[Date "2024.01.09"]
[Round "10"]
[White "Janaszak, Dawid"]
[Black "Salman, Ilhan Serhat"]
[Result "1-0"]
[Board "77"]
[TimeControl "180+1"]
[WhiteFideId "1119206"]
[BlackFideId "6361579"]
[WhiteElo "2616"]
[BlackElo "2498"]
[WhiteTeam "POL"]
[BlackTeam "TUR"]
[WhiteClock "0:01:08"]
[BlackClock "0:00:59"]

1. c4 b5 2. e4 bxc4 3. Bxc4 e6 4. Nc3 Bb7 5. Qb3 Bc6 6. d4 d6 7. Nf3 Nf6 8. d5 exd5 9. exd5 Bd7 10. Qb7 Na6 11. Qxa6 Be7 12. O-O O-O 13. Nd4 Ng4 14. Bf4 Bf6 15. Nc6 Bxc6 16. dxc6 Rb8 17. Rab1 Bd4 18. Be2 Qf6 19. Nd5 Qh4 20. Bg3 Qh5 21. Bxg4 Qxg4 22. Qd3 a5 23. b4 axb4 24. Nxc7 h5 25. h3 Qc8 26. Nd5 Bf6 27. c7 Rb5 28. Nxf6+ gxf6 29. Qxd6 Re8 30. Rfe1 1-0

[Event "January 9 Late 2024"]
[Site "https://www.chess.com"]
[Date "2024.01.09"]
[Round "10"]
[White "Zavgorodniy, Sergiy"]
[Black "Spichkin, Alexander"]
[Result "1-0"]
[Board "78"]
[TimeControl "180+1"]
[WhiteFideId "14110148"]
[BlackFideId "4144074"]
[WhiteElo "2612"]
[BlackElo "2478"]
[WhiteTeam "UKR"]
[BlackTeam "RUS"]
[WhiteClock "0:01:14"]
[BlackClock "0:01:45"]

1. e3 e6 2. Nf3 f5 3. d4 Nf6 4. Be2 b6 5. h3 Bb7 6. c4 Bd6 7. Nc3 O-O 8. a3 Ne4 9. Bd2 Rf6 10. Qc2 Rg6 11. g4 Nxd2 12. Kxd2 fxg4 13. hxg4 Qf6 14. Rh3 h6 15. g5 Qf5 16. Qxf5 exf5 17. gxh6 Rxh6 18. Rxh6 gxh6 19. Rg1+ Kf7 20. Nh4 f4 21. Bh5+ Kf8 22. Ng6+ Kg7 23. Nxf4+ Kh7 24. Nfd5 Nc6 25. Nf6+ Kh8 26. Nxd7 Na5 27. Kd3 Rd8 28. Nf6 Rf8 29. Rg6 Be7 30. Rxh6+ Kg7 31. Rg6+ Kh8 32. Nce4 Nb3 33. Rh6+ Kg7 34. Rh7# 1-0

[Event "January 9 Late 2024"]
[Site "https://www.chess.com"]
[Date "2024.01.09"]
[Round "10"]
[White "Czerw, Dawid"]
[Black "Mokshanov, Alexey"]
[Result "0-1"]
[Board "79"]
[TimeControl "180+1"]
[WhiteFideId "1145746"]
[BlackFideId "24121657"]
[WhiteElo "2471"]
[BlackElo "2607"]
[WhiteTeam "POL"]
[BlackTeam "RUS"]
[WhiteClock "0:00:21"]
[BlackClock "0:00:09"]

1. e4 e6 2. b3 d5 3. Bb2 Nf6 4. e5 Nfd7 5. d4 c5 6. c3 Nc6 7. Nf3 Qb6 8. Nbd2 a5 9. Bd3 a4 10. O-O a3 11. Bc1 cxd4 12. c4 Nb4 13. Bb1 Bc5 14. cxd5 Nxd5 15. Nc4 Qc7 16. Re1 Nc3 17. Qd3 b5 18. Nd6+ Bxd6 19. exd6 Qxd6 20. Nxd4 Nxb1 21. Rxb1 O-O 22. Qe3 Bb7 23. Bd2 Nf6 24. f3 Rfd8 25. Bc3 Nd5 26. Nxb5 Qc6 27. Qe5 Nxc3 28. Nxc3 Rd2 29. h4 Rxg2+ 30. Kxg2 Qxf3+ 31. Kg1 Qg2# 0-1

[Event "January 9 Late 2024"]
[Site "https://www.chess.com"]
[Date "2024.01.09"]
[Round "10"]
[White "Nilsen, Tobias Lang"]
[Black "Espinoza Villanueva, Rodrigo"]
[Result "0-1"]
[Board "80"]
[TimeControl "180+1"]
[WhiteFideId "1521624"]
[BlackFideId "5140188"]
[WhiteElo "2474"]
[BlackElo "2588"]
[WhiteTeam "NOR"]
[BlackTeam "MEX"]
[WhiteClock "0:00:18"]
[BlackClock "0:01:28"]

1. e4 e5 2. Nf3 Nc6 3. Bc4 Nf6 4. d3 d5 5. exd5 Nxd5 6. O-O Be7 7. Re1 f6 8. d4 Bg4 9. dxe5 Ndb4 10. Qxd8+ Rxd8 11. exf6 gxf6 12. Na3 Bxf3 13. gxf3 Nd4 14. Re4 Nxf3+ 15. Kg2 Ne5 16. Be2 c5 17. c3 Nbd3 18. Bh6 Rg8+ 19. Kf1 Kf7 20. Bh5+ Ke6 21. Nc2 f5 22. Re2 Kf6 23. Ne1 c4 24. Nf3 Bd6 25. Nxe5 Bxe5 26. f4 Bxf4 27. b3 Bxh6 0-1

[Event "January 9 Late 2024"]
[Site "https://www.chess.com"]
[Date "2024.01.09"]
[Round "10"]
[White "Gasparyan, David"]
[Black "Olenik Campa, Rudi"]
[Result "0-1"]
[Board "81"]
[TimeControl "180+1"]
[WhiteFideId "13311980"]
[BlackFideId "14633264"]
[WhiteElo "2534"]
[BlackElo "2586"]
[WhiteTeam "USA"]
[BlackTeam "SLO"]
[WhiteClock "0:00:01"]
[BlackClock "0:00:49"]

1. c4 g6 2. Nc3 Bg7 3. e4 e5 4. d3 Ne7 5. Nge2 c6 6. Be3 h6 7. d4 exd4 8. Bxd4 O-O 9. Bxg7 Kxg7 10. Qd6 Ng8 11. O-O-O Qe7 12. Qg3 a6 13. Nd4 Kh7 14. h4 h5 15. e5 b5 16. Ne4 c5 17. Ng5+ Kh8 18. Ndf3 Nh6 19. Bd3 Nc6 20. Qf4 Kg7 21. Be4 bxc4 22. Rd6 Rb8 23. Rh3 c3 24. Rg3 cxb2+ 25. Kb1 Ng4 26. e6 fxe6 27. Qd2 Qf6 28. Bxc6 dxc6 29. Ne4 Qf5 30. Qc3+ Kh7 31. Ng5+ Kh6 32. f3 Ne5 33. Qd2 Kg7 34. Qc3 Kg8 35. Rd2 c4 36. Rd6 a5 37. Qe3 c3 38. Qxc3 a4 39. Qc5 Ba6 40. Nh3 Rfd8 41. Rxd8+ Rxd8 42. Kxb2 Nd3+ 43. Kc3 Nxc5 44. Rg5 Nxe4+ 45. fxe4 Qxe4 46. g3 Rd3+ 0-1

[Event "January 9 Late 2024"]
[Site "https://www.chess.com"]
[Date "2024.01.09"]
[Round "10"]
[White "Bold, Andre"]
[Black "Banerjee, Supratit"]
[Result "0-1"]
[Board "82"]
[TimeControl "180+1"]
[WhiteFideId "16208471"]
[BlackFideId "2410079"]
[WhiteElo "2454"]
[BlackElo "2576"]
[WhiteTeam "GER"]
[BlackTeam "SCO"]
[WhiteClock "0:00:08"]
[BlackClock "0:01:39"]

1. d4 d5 2. Nf3 Nf6 3. c3 e6 4. Bf4 Bd6 5. Bxd6 cxd6 6. e3 O-O 7. Nbd2 b6 8. Bd3 Bb7 9. O-O Nbd7 10. a4 e5 11. Bb5 a6 12. Bxd7 Nxd7 13. h3 Re8 14. Qb3 Rc8 15. Rfc1 h6 16. Nf1 Kh8 17. Qb4 Qf6 18. Ng3 g6 19. a5 b5 20. b3 Nb8 21. Qa3 Nc6 22. Qb2 h5 23. Qd2 Kg7 24. dxe5 Nxe5 25. Nd4 Rcd8 26. Nf1 Bc8 27. Nh2 Nd7 28. Nhf3 Nc5 29. Rab1 Ne4 30. Qd3 g5 31. Nc6 g4 32. Nxd8 Rxd8 33. hxg4 hxg4 34. Qxd5 Re8 35. Rb2 gxf3 36. Qh5 Ng5 37. Qh4 fxg2 38. Qg3 Qg6 39. Kxg2 Bb7+ 40. Kf1 Rh8 41. Ke2 Bf3+ 42. Kd2 Ne4+ 0-1

[Event "January 9 Late 2024"]
[Site "https://www.chess.com"]
[Date "2024.01.09"]
[Round "10"]
[White "Ambartsumova, Karina"]
[Black "Ozen, Metehan"]
[Result "1/2-1/2"]
[Board "83"]
[TimeControl "180+1"]
[WhiteFideId "4166299"]
[BlackFideId "34596054"]
[WhiteElo "2570"]
[BlackElo "2434"]
[WhiteTeam "RUS"]
[BlackTeam "TUR"]
[WhiteClock "0:00:12"]
[BlackClock "0:00:13"]

1. d4 d5 2. c4 e6 3. Nc3 c5 4. cxd5 exd5 5. Nf3 Nc6 6. g3 Nf6 7. Bg2 cxd4 8. Nxd4 Bc5 9. Nxc6 bxc6 10. O-O O-O 11. b3 h6 12. Bb2 Re8 13. Rc1 Bb6 14. Na4 Bg4 15. Re1 Bd7 16. Nc5 Bg4 17. Qc2 Rc8 18. e3 h5 19. h3 Bd7 20. Bxf6 gxf6 21. Qe2 h4 22. gxh4 Qe7 23. Nxd7 Qxd7 24. Qg4+ Qxg4 25. hxg4 Kg7 26. Bf3 Rh8 27. h5 f5 28. g5 Bd8 29. Bxd5 Bxg5 30. Bf3 c5 31. Rc4 Rhd8 32. Rd1 Rxd1+ 33. Bxd1 Rd8 34. Bc2 f4 35. Rxc5 Bh6 36. exf4 Bxf4 37. Kg2 Rd2 38. Kf3 Bd6 39. Rc4 Be7 40. a4 Bd8 41. Ke3 Rd5 42. Rg4+ Kh6 43. Rg8 Bb6+ 44. Ke4 Rxh5 45. Rh8+ Kg5 46. f4+ Kh4 47. Rf8 Rc5 48. Bd3 Rc7 49. Bc4 Bc5 50. Rh8+ Kg3 51. Rg8+ Kf2 52. f5 a5 53. Rg7 Bb4 54. Rxf7 Rxf7 55. Bxf7 Kg3 56. f6 Kg4 57. Ke5 Kg5 58. Ke6 Bc3 59. Be8 Bxf6 60. Bb5 Bc3 61. Bc4 Bb4 62. Kd5 Kf6 63. Kc6 Kg5 64. Kb6 Kh4 65. Kb5 Kg3 66. Kc6 Kh4 67. Kd5 Kg3 68. Kc6 Kh4 69. Kb6 Kg3 70. Kb5 1/2-1/2

[Event "January 9 Late 2024"]
[Site "https://www.chess.com"]
[Date "2024.01.09"]
[Round "10"]
[White "Yagupov, Igor"]
[Black "Krzywda, Andrzej"]
[Result "1-0"]
[Board "84"]
[TimeControl "180+1"]
[WhiteFideId "4113632"]
[BlackFideId "1114565"]
[WhiteElo "2569"]
[BlackElo "2424"]
[WhiteTeam "RUS"]
[BlackTeam "POL"]
[WhiteClock "0:00:09"]
[BlackClock "0:00:16"]

1. Nf3 d5 2. d4 Nf6 3. c4 dxc4 4. e3 e6 5. Bxc4 c5 6. O-O Nc6 7. Qe2 a6 8. Rd1 b5 9. dxc5 Qc7 10. Bb3 Bxc5 11. Nc3 Bd6 12. e4 Ne5 13. Nd4 Bc5 14. Bf4 Nfd7 15. Rac1 Qb6 16. Be3 Bb7 17. f3 O-O 18. Nc2 Rfd8 19. a3 Rac8 20. Kh1 Qc7 21. Ba2 Bd6 22. Nd4 Qb8 23. Bg5 Re8 24. Be3 Nc4 25. Bxc4 Rxc4 26. Bg1 Be5 27. Nb3 Bxc3 28. Rxd7 Bf6 29. Rxc4 bxc4 30. Na5 Ba8 31. Nxc4 Qb5 32. Rd2 Rc8 33. Nd6 Qxe2 34. Rxe2 Rc1 35. e5 Bd8 36. Ne4 Bb6 37. Nf2 Bd5 38. h4 h5 39. Kh2 Rb1 40. Nh3 Bxg1+ 41. Nxg1 Bb3 42. Nh3 a5 43. Nf4 g6 44. Rd2 a4 45. Nh3 Bd5 46. Ng5 Kg7 47. Rc2 Re1 48. Rc7 Re2 49. Rxf7+ Kg8 50. Rf6 Rxb2 51. Rxg6+ Kf8 52. Nxe6+ Kf7 53. Rf6+ Ke7 54. Nf4 Bb3 55. Ng6+ Kd7 56. Rd6+ Ke8 57. e6 Re2 58. e7 Kf7 59. Rd8 Rxe7 60. Nxe7 Kxe7 61. Rd4 Kf6 62. Rb4 Kf5 63. Kg3 Ke5 64. Kf2 Kf5 65. g4+ hxg4 66. fxg4+ Kg6 67. Kg3 Kh6 68. Kf4 Kg6 69. Rb6+ Kf7 70. Kg5 Kg7 71. h5 Kf8 72. Kf6 Ke8 73. g5 Kd8 74. h6 Kc7 75. Rb4 Kd6 76. g6 Bc2 77. h7 Bxg6 78. Kxg6 Kc5 79. h8=Q Kd5 80. Qd4+ Kc6 81. Rb6+ Kc7 82. Qd6+ Kc8 83. Rb8# 1-0

[Event "January 9 Late 2024"]
[Site "https://www.chess.com"]
[Date "2024.01.09"]
[Round "10"]
[White "Marchesich, Giovanni"]
[Black "Dubnevych, Maksym"]
[Result "0-1"]
[Board "85"]
[TimeControl "180+1"]
[WhiteFideId "2824790"]
[BlackFideId "14184001"]
[WhiteElo "2413"]
[BlackElo "2555"]
[WhiteTeam "ITA"]
[BlackTeam "UKR"]
[WhiteClock "0:01:09"]
[BlackClock "0:02:07"]

1. d4 Nf6 2. Nc3 d5 3. Bf4 c5 4. e4 dxe4 5. d5 g6 6. Bc4 Bg7 7. f3 exf3 8. Nxf3 O-O 9. O-O a6 10. a4 Nbd7 11. Re1 Nb6 12. Ba2 c4 13. d6 e6 14. a5 Nbd5 15. Be5 Nxc3 16. bxc3 Nd5 17. Bxc4 Bxe5 18. Rxe5 Qxd6 19. Bxd5 exd5 20. Rxd5 Qc7 21. Qd4 Be6 22. Rc5 Qe7 23. Rb1 Rad8 24. Qb4 Rd7 25. Nd4 Bd5 26. Nf3 Qe3+ 27. Kf1 Bxf3 28. gxf3 Qxf3+ 29. Ke1 0-1

[Event "January 9 Late 2024"]
[Site "https://www.chess.com"]
[Date "2024.01.10"]
[Round "10"]
[White "Nouali, Mohamed"]
[Black "Sohier, Julien"]
[Result "1-0"]
[Board "86"]
[TimeControl "180+1"]
[WhiteFideId "5502462"]
[BlackFideId "645346"]
[WhiteElo "2538"]
[BlackElo "2378"]
[WhiteTeam "TUN"]
[BlackTeam "FRA"]
[WhiteClock "0:02:04"]
[BlackClock "0:00:13"]

1. e4 c5 2. Nf3 e6 3. d4 cxd4 4. Nxd4 Nc6 5. Nc3 Qc7 6. Be3 a6 7. Qf3 Nf6 8. O-O-O Ne5 9. Qg3 b5 10. Bxb5 axb5 11. Ndxb5 Qb8 12. Bf4 d6 13. Nxd6+ Bxd6 14. Rxd6 Qxd6 15. Bxe5 Nh5 16. Qg5 Ra5 17. Nd5 Rxd5 18. exd5 Qxd5 19. Rd1 Qa5 20. b4 Qb6 21. Rd6 f6 22. Qxh5+ g6 23. Qd1 1-0

[Event "January 9 Late 2024"]
[Site "https://www.chess.com"]
[Date "2024.01.09"]
[Round "10"]
[White "Andrews, Todd"]
[Black "Silvestre, Christian"]
[Result "1-0"]
[Board "87"]
[TimeControl "180+1"]
[WhiteFideId "2012456"]
[BlackFideId "30956269"]
[WhiteElo "2463"]
[BlackElo "2324"]
[WhiteTeam "USA"]
[BlackTeam "USA"]
[WhiteClock "0:00:11"]
[BlackClock "0:00:00"]

1. e4 c5 2. Nf3 d6 3. d4 cxd4 4. Nxd4 Nf6 5. Nc3 a6 6. Bc4 g6 7. Bb3 Bg7 8. Bg5 Qa5 9. f4 Nxe4 10. O-O Nxc3 11. bxc3 Qxc3 12. Nf3 Nc6 13. Rb1 Bg4 14. Kh1 O-O 15. Bd5 e6 16. Bxc6 Qxc6 17. Be7 Rfe8 18. Qxd6 Bxf3 19. Rxf3 Qxc2 20. Rfb3 Qxa2 21. Rxb7 Qd5 22. Qa3 a5 23. h3 a4 24. Bh4 Qf5 25. Bg3 Bf8 26. Qa2 a3 27. R1b5 Qe4 28. Re5 Qd3 29. Kh2 Rec8 30. Rxe6 Qc4 31. Re2 Qxa2 32. Rxa2 Rc3 33. Bh4 Rd3 34. Bf6 h5 35. Be5 Re3 36. Rd7 Rb3 37. Rc7 Re8 38. Ra7 Rd8 39. Bf6 Rc8 40. Be5 Rd3 41. Bf6 Rd5 42. Be5 Rb5 43. Bf6 Rf5 44. Be5 f6 45. Bc7 Rc5 46. Bb6 Rc4 47. Be3 Rc3 48. Bd4 R3c6 49. f5 g5 50. h4 Bd6+ 51. g3 g4 52. Kg2 Rc4 53. Bxf6 Rc2+ 54. Rxc2 Rxc2+ 55. Kf1 a2 56. Bd4 Bxg3 57. f6 Bxh4 58. Rg7+ Kf8 59. Ra7 Kg8 60. Ra8+ Kf7 61. Ra7+ Kg6 62. f7 Kf5 63. f8=Q+ Ke4 64. Qe7+ Kd3 65. Qe3+ Kc4 66. Qe2+ Rxe2 67. Kxe2 Kxd4 68. Rxa2 Ke5 69. Ra5+ Kf4 70. Rxh5 Bg3 71. Kf1 Kf3 72. Rf5+ Bf4 73. Rf8 g3 74. Kg1 Kg4 75. Kg2 Bg5 76. Rg8 Kf4 77. Rg6 Kg4 78. Rc6 Kf4 79. Rc4+ Kf5 80. Kf3 Bf6 81. Rc5+ Be5 82. Rb5 Ke6 83. Ra5 Bd6 84. Rg5 Kd7 85. Rg6 Ke7 86. Ke4 Bc7 87. Kf5 Kf7 88. Rh6 g2 89. Rf6+ Ke7 90. Rg6 Bd6 91. Rxg2 Kd7 92. Rg6 Kc6 93. Ke6 Bc5 94. Rg5 Bd6 95. Rd5 Bc5 96. Rd1 Bb6 97. Rc1+ Bc5 98. Ke5 Kb5 99. Kd5 Bb4 100. Rb1 Ka4 101. Kc4 Ba3 102. Ra1 1-0

[Event "January 9 Late 2024"]
[Site "https://www.chess.com"]
[Date "2024.01.10"]
[Round "10"]
[White "Toktomushev, Teimur"]
[Black "Stopa, Jacek"]
[Result "0-1"]
[Board "88"]
[TimeControl "180+1"]
[WhiteFideId "14176726"]
[BlackFideId "1119591"]
[WhiteElo "2435"]
[BlackElo "2766"]
[WhiteTeam "UKR"]
[BlackTeam "POL"]
[WhiteClock "0:00:01"]
[BlackClock "0:00:58"]

1. d4 f5 2. g3 Nf6 3. Bg2 e6 4. Nf3 Be7 5. O-O O-O 6. c4 d6 7. Nc3 Ne4 8. Nxe4 fxe4 9. Nd2 d5 10. f3 dxc4 11. Nxe4 Nc6 12. Be3 b5 13. Nc3 Rb8 14. a3 Na5 15. Qc2 a6 16. Rad1 Bb7 17. Bf2 Qe8 18. d5 Bf6 19. e4 Nb3 20. dxe6 Qxe6 21. Nd5 Bd8 22. f4 c6 23. Ne3 Bb6 24. Nf5 Bxf2+ 25. Rxf2 Rbd8 26. Rff1 c5 27. Rxd8 Rxd8 28. Rd1 Nd4 29. Qf2 Qb6 30. e5 Nxf5 31. Rxd8+ Qxd8 32. Bxb7 Qd1+ 33. Kg2 Nd4 34. Bd5+ Kf8 35. e6 Ke7 36. f5 Qg4 37. h3 Qxf5 38. Qxf5 Nxf5 39. Bb7 a5 40. Bc8 b4 41. axb4 cxb4 42. Kf3 c3 43. bxc3 b3 44. Ba6 a4 45. Bb5 a3 46. Bc4 a2 0-1

[Event "January 9 Late 2024"]
[Site "https://www.chess.com"]
[Date "2024.01.09"]
[Round "10"]
[White "Diaz Herquinio, Brahian"]
[Black "Msellek, Ilyass"]
[Result "1-0"]
[Board "89"]
[TimeControl "180+1"]
[WhiteFideId "3809480"]
[BlackFideId "675938"]
[WhiteElo "2429"]
[BlackElo "2658"]
[WhiteTeam "PER"]
[BlackTeam "MAR"]
[WhiteClock "0:00:10"]
[BlackClock "0:01:41"]

1. e4 c5 2. Nf3 d6 3. d4 cxd4 4. Nxd4 Nf6 5. Nc3 a6 6. Bg5 Nbd7 7. f4 h6 8. Bh4 g6 9. Qe2 e5 10. Nf3 b5 11. O-O-O Qc7 12. Nd5 Nxd5 13. exd5 Bg7 14. g4 O-O 15. f5 e4 16. Nd4 Qa5 17. Kb1 Bb7 18. Nb3 Qc7 19. Bg2 Rfe8 20. g5 hxg5 21. Bxg5 Ne5 22. f6 Bf8 23. h4 Bc8 24. Bh3 Bxh3 25. Rxh3 Qd7 26. Rdh1 Qg4 27. Qf2 Qh5 28. Nd4 e3 29. Qxe3 Ng4 30. Qf4 Re5 31. Rg3 Nh6 32. Nc6 Rf5 33. Qe4 Rf2 34. Rhg1 Nf5 35. Rg4 Bh6 36. Ne7+ Nxe7 37. fxe7 Re8 38. Bxh6 Qxh6 39. Rxg6+ fxg6 40. Rxg6+ Kf7 41. Qe6# 1-0

[Event "January 9 Late 2024"]
[Site "https://www.chess.com"]
[Date "2024.01.09"]
[Round "10"]
[White "Vlassov, Nikolai"]
[Black "Storn, Justin"]
[Result "1-0"]
[Board "90"]
[TimeControl "180+1"]
[WhiteFideId "4103360"]
[BlackFideId "30922720"]
[WhiteElo "2623"]
[BlackElo "2426"]
[WhiteTeam "FID"]
[BlackTeam "USA"]
[WhiteClock "0:00:42"]
[BlackClock "0:00:01"]

1. e4 e6 2. d4 d5 3. e5 c5 4. c3 Qb6 5. Nf3 Nc6 6. Be2 cxd4 7. cxd4 Nge7 8. Na3 Nf5 9. Nc2 Bd7 10. O-O a5 11. g4 Nh6 12. h3 f6 13. Bd3 fxe5 14. Nxe5 Nxe5 15. dxe5 Nf7 16. Qe2 Be7 17. Be3 Qc7 18. f4 g5 19. Nd4 gxf4 20. Bxf4 Qb6 21. Be3 Qc7 22. Nf3 O-O-O 23. Rac1 Bc6 24. Bb5 Kb8 25. Bxc6 bxc6 26. Qa6 c5 27. Qxe6 Rhf8 28. Rc3 Ka8 29. Qa6+ Qa7 30. Qxa7+ Kxa7 31. Bxc5+ Bxc5+ 32. Rxc5 d4 33. e6 Nh6 34. e7 1-0

[Event "January 9 Late 2024"]
[Site "https://www.chess.com"]
[Date "2024.01.09"]
[Round "10"]
[White "Gubajdullin, Alexei"]
[Black "Avalos Parra, Joao"]
[Result "1-0"]
[Board "91"]
[TimeControl "180+1"]
[WhiteFideId "4141202"]
[BlackFideId "3402541"]
[WhiteElo "2610"]
[BlackElo "2413"]
[WhiteTeam "RUS"]
[BlackTeam "CHI"]
[WhiteClock "0:00:17"]
[BlackClock "0:00:04"]

1. e4 e5 2. d4 exd4 3. Nf3 Nc6 4. Bc4 Nf6 5. e5 d5 6. Bb5 Ne4 7. Nxd4 Bd7 8. Bxc6 bxc6 9. O-O Bc5 10. f3 Ng5 11. f4 Ne4 12. Be3 Qb8 13. Nd2 Qxb2 14. Nxe4 dxe4 15. Nf5 Bxf5 16. Bxc5 Qc3 17. Qd4 Qxd4+ 18. Bxd4 h5 19. Rab1 c5 20. Bxc5 Rh6 21. c3 Ra6 22. Rb2 Rd8 23. Bd4 Ra5 24. e6 Bxe6 25. Bxg7 f5 26. Bd4 c5 27. Be5 Rxa2 28. Rxa2 Bxa2 29. Kf2 Rd2+ 30. Kg3 e3 31. Re1 e2 32. c4 Bxc4 33. Bc3 Rc2 34. Ba5 Bd3 35. Kh4 Ra2 36. Bc3 Ra4 37. Be5 c4 38. Kxh5 Ra3 39. h3 c3 40. g4 fxg4 41. hxg4 c2 42. f5 Ra5 43. Bf4 Rb5 44. Kg5 Rb1 45. Bc1 a5 46. Kf6 a4 47. g5 a3 48. g6 a2 49. g7 Bc4 50. Rxe2+ Kd7 51. Rd2+ Kc6 52. Rxc2 a1=Q+ 53. Kg6 Rxc1 54. g8=Q Rxc2 55. Qe8+ Kc5 56. Qe7+ Kb5 57. Qb7+ Kc5 58. Qe7+ Kd5 59. Qd7+ Ke4 60. Qc6+ Kd3 61. Qf3+ Kd2 62. Qf4+ Kc3 63. Qe5+ Kd3 64. Qxa1 Rc3 65. Qd1+ Ke4 66. Qe1+ Kd4 67. Qf2+ Kd5 68. f6 Bd3+ 69. Kg7 Rc2 70. Qf3+ Be4 71. Qb3+ Ke5 72. Qxc2 Bxc2 73. f7 1-0

[Event "January 9 Late 2024"]
[Site "https://www.chess.com"]
[Date "2024.01.09"]
[Round "10"]
[White "Figorito, Nick"]
[Black "Bjelobrk, Igor"]
[Result "1-0"]
[Board "92"]
[TimeControl "180+1"]
[WhiteFideId "30923689"]
[BlackFideId "4300726"]
[WhiteElo "2409"]
[BlackElo "2589"]
[WhiteTeam "USA"]
[BlackTeam "AUS"]
[WhiteClock "0:00:40"]
[BlackClock "0:00:15"]

1. Nf3 c5 2. g3 g6 3. Bg2 Bg7 4. O-O Nc6 5. c4 d6 6. Nc3 Bf5 7. d3 Qd7 8. a3 Bh3 9. Rb1 Bxg2 10. Kxg2 h5 11. h4 Nh6 12. Nd5 e6 13. Bxh6 Rxh6 14. Nf4 a5 15. Ne1 Rb8 16. Nc2 b5 17. b4 axb4 18. axb4 bxc4 19. bxc5 c3 20. Rxb8+ Nxb8 21. cxd6 Qxd6 22. Ne3 Rh8 23. Qa4+ Qc6+ 24. Qxc6+ Nxc6 25. Rc1 Kd7 26. Nd1 Rc8 27. Nxc3 Nb4 28. d4 Bxd4 29. Rd1 e5 30. Nb5 exf4 31. Rxd4+ Kc6 32. Rxb4 Kc5 33. Rc4+ Kxc4 34. Nd6+ Kd5 35. Nxc8 fxg3 36. Kxg3 f6 37. Ne7+ 1-0

[Event "January 9 Late 2024"]
[Site "https://www.chess.com"]
[Date "2024.01.09"]
[Round "10"]
[White "Estrada Nieto, Julian"]
[Black "Bogaudinov, Rushan"]
[Result "1/2-1/2"]
[Board "93"]
[TimeControl "180+1"]
[WhiteFideId "5101018"]
[BlackFideId "4129288"]
[WhiteElo "2579"]
[BlackElo "2404"]
[WhiteTeam "ESP"]
[BlackTeam "RUS"]
[WhiteClock "0:00:21"]
[BlackClock "0:00:08"]

1. e4 a6 2. d4 b5 3. Nf3 Bb7 4. Bd3 e6 5. O-O d6 6. Qe2 Nf6 7. Bg5 Be7 8. Nbd2 Nbd7 9. a4 b4 10. c3 c5 11. e5 Nd5 12. Bxe7 Qxe7 13. exd6 Qxd6 14. Ne4 Qc7 15. dxc5 Nf4 16. Qe3 Nxd3 17. Qxd3 Nxc5 18. Nxc5 Qxc5 19. cxb4 Qxb4 20. Ng5 Qg4 21. Qg3 Qxg3 22. hxg3 h6 23. Nf3 Bxf3 24. gxf3 Rb8 25. Rfc1 O-O 26. Rc6 a5 27. Rc5 Ra8 28. Rac1 Rfb8 29. R1c2 Rb4 30. R5c4 Rab8 31. Rxb4 Rxb4 32. Rc8+ Kh7 33. Rc7 Kg6 34. b3 Rxb3 35. Rc5 Rxf3 36. Rxa5 Ra3 37. Ra7 e5 38. a5 e4 39. Kf1 f5 40. a6 Ra2 41. Ke1 Kf6 42. Ra8 Kg5 43. Kf1 g6 44. a7 h5 45. Ke1 Kg4 46. Rg8 Rxa7 47. Rxg6+ Kf3 48. Rg5 Ra1+ 49. Kd2 Ra2+ 50. Kc3 Rxf2 51. Rxf5+ Kxg3 52. Rxh5 Kf3 53. Rf5+ Ke3 54. Rh5 Rf8 55. Rh3+ Rf3 56. Rh2 Rg3 57. Kc4 Rg1 58. Rh3+ Kf4 59. Rh4+ Rg4 60. Rh8 Kf3 61. Kd4 e3+ 62. Kd3 Rf4 63. Re8 e2 64. Re3+ Kg4 65. Rxe2 Rf3+ 66. Ke4 Ra3 67. Rg2+ Kh3 68. Rg7 Ra4+ 69. Kf3 Ra3+ 70. Kf2 Ra2+ 71. Ke3 Ra3+ 72. Kf4 Ra4+ 73. Ke5 Ra5+ 74. Kd4 Ra4+ 75. Kc3 Ra3+ 76. Kb2 Rg3 77. Rh7+ Kg2 78. Rc7 Rf3 79. Kc2 Rf2+ 80. Kd3 Rf6 81. Ke4 Re6+ 82. Kf5 Ra6 83. Rg7+ Kf3 84. Rb7 Ra5+ 85. Ke6 Ra3 86. Rb5 Ke4 87. Rb4+ Ke3 88. Ke5 Ra5+ 89. Ke6 Kd3 90. Rb6 Ke3 91. Kd6 Kd3 92. Kc6 Rg5 93. Kb7 Rg7+ 94. Kc6 Rg6+ 95. Kb5 Rxb6+ 96. Kxb6 1/2-1/2

[Event "January 9 Late 2024"]
[Site "https://www.chess.com"]
[Date "2024.01.09"]
[Round "10"]
[White "Rogov, Matfey"]
[Black "Paragua, Megan Althea"]
[Result "1-0"]
[Board "94"]
[TimeControl "180+1"]
[WhiteFideId "44191308"]
[BlackFideId "30973007"]
[WhiteElo "2561"]
[BlackElo "2400"]
[WhiteTeam "RUS"]
[BlackTeam "USA"]
[WhiteClock "0:00:39"]
[BlackClock "0:00:09"]

1. e4 c5 2. Nc3 d6 3. f4 Nf6 4. Nf3 e6 5. Bb5+ Bd7 6. Bxd7+ Qxd7 7. d4 cxd4 8. Qxd4 Nc6 9. Qf2 Be7 10. h3 h5 11. Be3 a6 12. Rd1 Qc7 13. f5 exf5 14. exf5 b5 15. O-O O-O 16. Bg5 Qa7 17. Be3 Qc7 18. Qg3 Kh8 19. Bg5 b4 20. Bxf6 Bxf6 21. Nd5 Qa7+ 22. Kh1 Bxb2 23. f6 g6 24. Qf4 Kh7 25. Ng5+ Kg8 26. Ne4 Kh7 27. Qh4 Rae8 28. Rf5 Re5 29. Rxe5 Bxe5 30. Ng5+ Kg8 31. Qc4 Rc8 32. Rf1 Kh8 33. Ne7 Nxe7 34. fxe7 Rxc4 35. e8=Q+ Kg7 36. Rxf7+ Kh6 37. Rxa7 Rxc2 38. Nf7+ Kg7 39. Nxe5+ 1-0

[Event "January 9 Late 2024"]
[Site "https://www.chess.com"]
[Date "2024.01.09"]
[Round "10"]
[White "Erzhanov, Arman"]
[Black "Gerbelli Neto, Eduardo"]
[Result "1-0"]
[Board "95"]
[TimeControl "180+1"]
[WhiteFideId "4138821"]
[BlackFideId "2103281"]
[WhiteElo "2537"]
[BlackElo "2370"]
[WhiteTeam "KAZ"]
[BlackTeam "BRA"]
[WhiteClock "0:01:47"]
[BlackClock "0:00:22"]

1. e4 e5 2. Nf3 Nc6 3. Bb5 a6 4. Bxc6 dxc6 5. Nc3 f6 6. d4 exd4 7. Nxd4 c5 8. Nde2 Qxd1+ 9. Nxd1 Bd7 10. Bf4 O-O-O 11. Ne3 Re8 12. f3 g5 13. Bg3 Ne7 14. O-O-O f5 15. exf5 Nxf5 16. Nxf5 Rxe2 17. Rd5 Be6 18. Re5 Rxe5 19. Bxe5 Rg8 20. Ng3 Bd6 21. Re1 Kd7 22. Nh5 Rf8 23. Nf6+ Kc6 24. Nxh7 Rf7 25. Nxg5 1-0

[Event "January 9 Late 2024"]
[Site "https://www.chess.com"]
[Date "2024.01.09"]
[Round "10"]
[White "Hoffmann, Asa"]
[Black "Coca Cubillos, Jesus Alberto"]
[Result "0-1"]
[Board "96"]
[TimeControl "180+1"]
[WhiteFideId "2001470"]
[BlackFideId "4462912"]
[WhiteElo "2377"]
[BlackElo "2515"]
[WhiteTeam "USA"]
[BlackTeam "COL"]
[WhiteClock "0:00:17"]
[BlackClock "0:01:44"]

1. d4 g6 2. e4 Bg7 3. Be3 d6 4. Qd2 Nc6 5. Ne2 e5 6. Nbc3 f5 7. f3 Nf6 8. O-O-O O-O 9. d5 Ne7 10. Bg5 Rf7 11. h3 a6 12. g4 f4 13. h4 h6 14. Bxf6 Bxf6 15. Kb1 Bg7 16. Nc1 Bd7 17. a3 Bf8 18. N3a2 Qb8 19. c4 b5 20. Qc2 bxc4 21. Bxc4 Bb5 22. Nd3 Ra7 23. Rc1 Rb7 24. Nab4 a5 25. Na6 Qa7 26. Bxb5 Rxb5 27. Nxc7 Rb7 28. Ne6 Qe3 29. Rhf1 a4 30. Rcd1 Rb3 31. Nb4 Qb6 32. Qc7 Nxd5 33. Qxb6 Nxb6 34. Nxf8 Kxf8 35. Rxd6 Nc4 36. Rd8+ Kg7 37. Rf2 Nxa3+ 38. Ka2 Nc4 39. Ra8 Rxb4 40. g5 Rfb7 41. gxh6+ Kxh6 42. Ra6 Rxb2+ 43. Rxb2 Rxb2+ 44. Ka1 Rb4 45. Ka2 Kh5 46. Ra8 Kxh4 47. Rb8 Rxb8 0-1

[Event "January 9 Late 2024"]
[Site "https://www.chess.com"]
[Date "2024.01.09"]
[Round "10"]
[White "Albuquerque Junior,Wellington S."]
[Black "Novik, Maxim"]
[Result "0-1"]
[Board "97"]
[TimeControl "180+1"]
[WhiteFideId "2151480"]
[BlackFideId "4102924"]
[WhiteElo "2367"]
[BlackElo "2509"]
[WhiteTeam "BRA"]
[BlackTeam "LTU"]
[WhiteClock "0:00:00"]
[BlackClock "0:00:08"]

1. c4 e5 2. g3 Nf6 3. Bg2 d5 4. cxd5 Nxd5 5. Nc3 Nb6 6. e3 Nc6 7. Nge2 Be7 8. O-O O-O 9. f4 f5 10. fxe5 Nxe5 11. d4 Nec4 12. b3 Nd6 13. Nf4 c6 14. Bb2 Bg5 15. d5 c5 16. Na4 Nxa4 17. bxa4 Bf6 18. Bxf6 Qxf6 19. Ne6 Rf7 20. Nxc5 Qe5 21. Qd4 Qxd4 22. exd4 b6 23. Ne6 Bd7 24. a5 b5 25. Nc5 Re8 26. a4 bxa4 27. Nxd7 Rxd7 28. Rxa4 Rc7 29. Ra2 g6 30. Kf2 Kg7 31. Re1 Rxe1 32. Kxe1 Rc4 33. Re2 Kf7 34. Re6 Nb5 35. Rc6 Rxd4 36. Bf1 Rb4 37. Bxb5 Rxb5 38. d6 Ke6 39. Rc7 Rxa5 40. Rxh7 Re5+ 41. Kf2 a5 42. d7 Rd5 43. Rg7 Kf6 44. Rh7 a4 0-1